 Dungeon Crawl Stone Soup version 0.21-a0-1-gaf3b9a5 (webtiles) character file.

52 Gorglomux the Insei (level 3, -1/26 HPs)
             Began as a Barachi Transmuter on May 20, 2017.
             Slain by Terence
             ... wielding a +0 mace
              (8 damage)
             ... on level 1 of the Dungeon.
             The game lasted 00:02:28 (1081 turns).

Gorglomux the Insei (Barachi Transmuter)            Turns: 1081, Time: 00:02:29

Health: -1/26      AC:  2    Str: 11    XL:     3   Next: 85%
Magic:  6/7        EV: 12    Int: 14    God:
Gold:   55         SH:  0    Dex: 12    Spells: 1/7 levels left

rFire    . . .     SeeInvis .     - Unarmed
rCold    . . .     Gourm    .   (no shield)
rNeg     + . .     Faith    .   b - +0 robe
rPois    .         Spirit   .   (no helmet)
rElec    .         Reflect  .   (no cloak)
rCorr    .         Harm     .   (no gloves)
MR       .....                  (no boots)
Stlth    +.........             (no amulet)
Regen    0.1/turn               e - ring of positive energy {rN+}
MPRegen  0.1/turn               (no ring)

@: slow
A: +LOS, swims, slowness 1, strong legs 1
a: Hop


You were on level 1 of the Dungeon.
You were not hungry.

You visited 1 branch of the dungeon, and saw 2 of its levels.

You collected 55 gold pieces.

Inventory:

Missiles
 a - 12 arrows
Armour
 b - a +0 robe (worn)
 m - a scarf of cloud immunity
   (You found it on level 1 of the Dungeon)
Jewellery
 e - a ring of positive energy (left hand) {rN+}
   (You found it on level 1 of the Dungeon)
Scrolls
 f - a scroll of identify {unknown}
 h - a scroll of fear {unknown}
 i - a scroll of remove curse {unknown}
 l - a scroll of magic mapping {unknown}
 o - a scroll of recharging {unknown}
Potions
 n - a potion of heal wounds {unknown}
Books
 c - a book of Changes
Comestibles
 d - a bread ration {@e1}
 g - 5 fruits
 j - 3 meat rations {@e2}


   Skills:
 - Level 1.2 Fighting
 - Level 2.1 Dodging
 + Level 3.8 Unarmed Combat
 + Level 2.8 Spellcasting
 * Level 3.4 Transmutations


You had one spell level left.
You knew the following spells:

 Your Spells              Type           Power        Failure   Level  Hunger
a - Beastly Appendage     Tmut           ##....       5%          1    #......
c - Spider Form           Tmut/Pois      #.........   32%         3    ###....
s - Sticks to Snakes      Tmut           ##......     9%          2    ##.....


Dungeon Overview and Level Annotations

Branches:
Dungeon (2/15)

Altars:

Annotations:
D:1 Terence


Innate Abilities, Weirdness & Mutations

Shadows flee at your approach. (+LOS)
You can swim through water.
You cover ground slowly.
You can hop short distances.


Message History

Unknown command.
You start resting.
Your magical contamination has completely faded away.
Eating one of 4 chunks of flesh {@w0}.
You eat one of the 4 chunks of flesh {@w0}.
You see here a club.
You see here a rat corpse.
You see here a rat corpse.
A goblin comes into view.
A goblin is nearby!
Unknown command.
A goblin is nearby!
The goblin shouts!
Unknown command.
A goblin is nearby!
The goblin hits you.
You hit the goblin but do no damage. You hit the goblin.
You kill the goblin!
No target in view!
A gnoll comes into view. It is wielding a flail.
The gnoll shouts!
A gnoll is nearby!
Unknown command.
A gnoll is nearby!
You miscast Spider Form.
You are very lightly contaminated with residual magic.
Nothing appears to happen.
The frilled lizard barely misses you.
You turn into a venomous arachnid creature.
Your +0 robe melds into your body.
The frilled lizard bites you.
Unknown command.
You closely miss the frilled lizard. The frilled lizard misses you.
You hit the frilled lizard.
You kill the frilled lizard!
You hit the gnoll.
The gnoll is poisoned.
The gnoll completely misses you.
You hit the gnoll.
The gnoll looks as sick as possible!
You barely miss the gnoll. The gnoll hits you with a flail!
Your transformation is almost over.
You kill the gnoll!
You start resting.
Your transformation has ended.
Your +0 robe unmelds from your body.
You start resting.
Your magical contamination has completely faded away.
All of the chunks of flesh in your inventory have rotted away.
Things that are here:
a flail; a gnoll corpse You butcher the gnoll corpse.
k - a chunk of flesh {@w0} You see here a flail.
You start resting.
Eating a chunk of flesh {@w0}.
You eat the chunk of flesh {@w0}.
You now have 55 gold pieces (gained 14).
Done exploring.
Unknown command.
Done exploring.
Unknown command.
Done exploring.
Unknown command.
No target in view!
(D) Dungeon
Where to? (? - help)
There is a stone staircase leading down here.
You climb downwards.
An adder, 2 goblins and Terence come into view.
The goblin shouts! x2; Terence shouts!
There is a stone staircase leading up here.
Unknown command.
You turn into a venomous arachnid creature.
Your +0 robe melds into your body.
Unknown command.
You hit the goblin.
You kill the goblin!
You completely miss Terence. Terence hits you with a mace.
A giant cockroach comes into view.
You hit the adder.
The adder is poisoned.
The adder misses you. The adder bites you.
Unknown command.
Your transformation is almost over.
Terence misses you. The adder completely misses you.
You climb upwards.
There is a stone staircase leading down here.
Unknown command.
Unknown command.
You hit Terence.
Terence is poisoned.
The adder bites you. Terence hits you with a mace.
You hit Terence but do no damage.
Terence looks as sick as possible!
The adder bites you. Terence hits you with a mace.
Unknown command.
You hit the adder. The adder closely misses you. The adder barely misses you.
You barely miss the adder.
You kill the adder!
Terence completely misses you.
Your transformation has ended.
Your +0 robe unmelds from your body.
Terence closely misses you. Terence hits you with a mace.
* * * LOW HITPOINT WARNING * * *
Terence hits you with a mace!
You die...

#.# #.# #.##### #.#
#.....# #.# #####.# #.#
#)# #.# #### #.# #.#
...#########.# #.#
.............#########.#
...######......@@......#
..## ##.##############
..######...#
....>......#
#.######...# #.# #####
#.# #.# ..#


You could see Terence.

Vanquished Creatures
  A gnoll (D:1)
  An adder (D:1)
  2 dart slugs (D:1)
  2 giant cockroaches (D:1)
  7 goblins
  5 hobgoblins (D:1)
  2 kobolds (D:1)
  A bat (D:1)
  4 frilled lizards (D:1)
  4 rats (D:1)
29 creatures vanquished.

Notes
Turn   | Place    | Note
-------+----------+-------------------------------------------
     0 | D:1      | Gorglomux the Barachi Transmuter began the quest for the Orb.
     0 | D:1      | Reached XP level 1. HP: 15/15 MP: 3/3
    66 | D:1      | Reached XP level 2. HP: 11/21 MP: 3/5
   465 | D:1      | Learned a level 2 spell: Sticks to Snakes
   543 | D:1      | Reached XP level 3. HP: 17/26 MP: 4/6
   548 | D:1      | Learned a level 3 spell: Spider Form
   697 | D:1      | Reached skill level 3 in Transmutations
  1059 | D:2      | Noticed Terence
  1059 | D:2      | KurzedMetal: sup gorglo
  1062 | D:2      | KurzedMetal: what you have in mind for this one?
  1068 | D:1      | KurzedMetal: ohh Tm
  1081 | D:1      | Slain by Terence

Vault maps used:
D:1:      minmay_arrival_three_doors
D:2:      minmay_liquid_box, uniq_terence, uniq_robin

Skill      XL: |  1  2  3 |
---------------+----------+-----
Transmutations | 3 |  3.4
Fighting       | |  1.2
Dodging        | |  2.1
Unarmed Combat | |  3.8
Spellcasting   | |  2.8

Action                   || total
-------------------------++-------
Melee: Unarmed           ||    78
       Kick              ||     4
       Headbutt          ||     3
 Cast: Beastly Appendage ||    12
       Spider Form       ||     5
  Eat: Chunk             ||     2
Armor: Robe              ||     8
Dodge: Dodged            ||    41

Vault maps used:
D:1:      minmay_arrival_three_doors
D:2:      minmay_liquid_box, uniq_terence, uniq_robin

Table legend:
 A = Turns spent in this place as a percentage of turns spent in the entire game.
 B = Non-inter-level travel turns spent in this place as a percentage of non-inter-level travel turns spent in the entire game.
 C = Inter-level travel turns spent in this place as a percentage of turns spent in this place.
 D = Turns resting spent in this place as a percentage of non-inter-level travel turns spent in this place.
 E = Turns spent auto-exploring this place as a percentage of non-inter-level travel turns spent in this place.
 F = Non-inter-level travel turns spent in this place divided by the number of levels of this place that you've seen.
                   A       B       C       D       E      F
               +-------+-------+-------+-------+-------+----------------------
         Total | 100.0 | 100.0 |   0.3 |   5.0 |  10.1 | 178.5
       Dungeon | 100.0 | 100.0 |   0.3 |   5.0 |  10.1 | 178.5
               +-------+-------+-------+-------+-------+----------------------

Table legend:
 A = Kills in this place as a percentage of kills in entire the game.
 B = Kills by you in this place as a percentage of kills by you in the entire game.
 C = Kills by friends in this place as a percentage of kills by friends in the entire game.
 D = Other kills in this place as a percentage of other kills in the entire game.
 E = Experience gained in this place as a percentage of experience gained in the entire game.
 F = Experience gained in this place divided by the number of levels of this place that you have seen.
                   A       B       C       D       E      F
               +-------+-------+-------+-------+-------+----------------------
         Total | 100.0 | 100.0 |  -nan |  -nan | 100.0 |  37.5
       Dungeon | 100.0 | 100.0 |  -nan |  -nan | 100.0 |  37.5
               +-------+-------+-------+-------+-------+----------------------
